 Dungeon Crawl Stone Soup version 0.29-a0-322-g68df515428 (webtiles) character file.

Game seed: 3155233085079518518

60 GigaChad the Slasher (level 3, 0/31 (33) HPs)
             Began as a Draconian Chaos Knight on Apr 7, 2022.
             Was a Plaything of Xom.
             Slain by an iron imp (3 damage)
             ... summoned by Xom
             ... on level 2 of the Dungeon.
             The game lasted 00:04:57 (1695 turns).

GigaChad the Slasher (Draconian Chaos Knight)       Turns: 1695, Time: 00:04:58

HP:   0/31 (33)     AC:  5    Str: 14    XL:     3   Next: 80%
MP:   3/3           EV: 12    Int: 12    God:    Xom [*.....]
Gold: 108           SH:  0    Dex: 12    Spells: 2/2 levels left

rFire   . . .      SeeInvis .   a - +0 falchion (freeze)
rCold   + . .      Faith    .   (no shield)
rNeg    . . .      Spirit   .   (body armour unavailable)
rPois   .          Reflect  .   (helmet restricted)
rElec   .          Harm     .   (no cloak)
rCorr   .          Rampage  .   (no gloves)
Will    .....                   (no boots)
Stlth   +.........              (no amulet)
HPRegen 0.10/turn               e - ring of protection from cold
MPRegen 0.08/turn               (no ring)

@: drained
A: AC +5, unfitting armour, cold-blooded
a: Renounce Religion


You were on level 2 of the Dungeon.
You worshipped Xom.
You were a special plaything of Xom.
You visited 1 branch of the dungeon, and saw 2 of its levels.

You collected 108 gold pieces.

Inventory:

Hand Weapons
 a - a +0 falchion of freezing (weapon)
Jewellery
 e - a ring of protection from cold (left hand)
Potions
 c - a potion of attraction
 d - a potion of berserk rage {unknown}
 f - 4 potions of curing {unknown}
Miscellaneous
 b - a piece from Xom's chessboard (15/15) (quivered)


   Skills:
 + Level 3.6 Fighting
 + Level 4.1 Long Blades
 + Level 2.6 Dodging
 + Level 0.4 Stealth


You had 2 spell levels left.
You didn't know any spells.
Your spell library contained the following spells:

 Spells                   Type           Power      Damage    Failure   Level
 Animate Skeleton         Necr           0%         N/A       32%         1
 Apportation              Tloc           0%         N/A       32%         1
 Pain                     Necr           0%         1d4       32%         1
 Blink                    Tloc           0%         N/A       45%         2
 Gell's Gravitas          Tloc           0%         N/A       69%         3
 Lesser Beckoning         Tloc           0%         N/A       69%         3
 Stone Arrow              Conj/Erth      0%         3d7       69%         3
 Teleport Other           Tloc           0%         N/A       69%         3
 Vampiric Draining        Necr           0%         2d6       69%         3
 Manifold Assault         Tloc           0%         N/A       100%        5
 Summon Forest            Summ/Tloc      0%         N/A       100%        5
 Lehudib's Crystal Spear  Conj/Erth      0%         10d2      100%        8
 Animate Armour           Summ/Erth      Unusable   N/A       N/A         4

Dungeon Overview and Level Annotations

Branches:
Dungeon (2/15)

Altars:


Innate Abilities, Weirdness & Mutations

Your plain brown scales are hard. (AC +5)
You cannot fit into any form of body armour.
You are cold-blooded and may be slowed by cold attacks.


Message History

You completely miss the kobold. The kobold barely misses you.
You closely miss the kobold.
The kobold hits you with a +0 short sword.
You hit the kobold. You freeze the kobold.
You kill the kobold!
Things that are here:
a +0 short sword; 4 stones Xom is getting BORED.
Things that are here:
a +0 short sword; 4 stones You now have 108 gold pieces (gained 13).
You open the door.
You are now a BORING thing. "Time to have some fun!"
You are now a special plaything of Xom.
There is an open door here.
You hit the iron imp but do no damage.
Your tail-slap misses the iron imp.
The soul eater misses you.
You hit the iron imp but do no damage.
You tail-slap the iron imp, but do no damage.
The iron imp hits you but does no damage.
The soul eater hits you!
You feel drained.
You closely miss the soul eater.
Your tail-slap misses the soul eater.
The iron imp closely misses you. The soul eater closely misses you.
You hit the soul eater but do no damage.
The iron imp hits you!
* * * LOW HITPOINT WARNING * * *
A shower of butterflies erupts from you!
The soul eater completely misses you.
You closely miss the soul eater. The soul eater closely misses you.
The iron imp hits you but does no damage.
You barely miss the soul eater.
The soul eater draws from the surrounding life force!
* * * LOW HITPOINT WARNING * * *
Xom thinks this is hilarious!
The iron imp hits you but does no damage.
You closely miss the soul eater.
Your tail-slap misses the soul eater.
The soul eater barely misses you. The iron imp hits you.
You die... "What!?
That's it?"

......#.#####.........#
#.........##.##.#>#
##...#######.##.# #.....#
#.##.# .. ##.).## #.##.# # .#
##.## #.##.#.# ##.## #.#
#.##.#.# #...## #3# #......#
.....# ##@## ####.### #...#
##.5.## #.# ###..### ##.....##
###.# #......## ##..b....##
##.#.#
#.#.#...####....b..[.####....##
...........+...<.....'...)....#
#.#.#...####.........####....##
#.#....## ##.......## #..###
#.###..# ##...†.## #.##


You could see a soul eater (summoned) and an iron imp (summoned, ally target).

Vanquished Creatures
  2 adders (D:2)
  A worm (D:2)
  5 bats
  6 endoplasms
  5 giant cockroaches
  A hobgoblin (D:1)
  2 quokkas
  2 ball pythons (D:1)
  4 frilled lizards (D:1)
  3 goblins (D:1)
  4 kobolds
  3 rats
38 creatures vanquished.

Notes
Turn   | Place    | Note
-------+----------+-------------------------------------------
     0 | D:1      | GigaChad the Draconian Chaos Knight began the quest for the
                  | Orb.
     0 | D:1      | Reached XP level 1. HP: 19/19 MP: 1/1
   105 | D:1      | XOM: divination: detect creatures
   289 | D:1      | Reached XP level 2. HP: 18/26 MP: 2/2
   424 | D:1      | XOM: silly message
   957 | D:1      | XOM: silly message
  1090 | D:2      | Reached XP level 3. HP: 25/31 MP: 3/3
  1113 | D:2      | XOM: summons 4 hostile shadow creatures
  1391 | D:2      | Reached skill level 4 in Long Blades
  1461 | D:2      | Got Meef's Catalogue of Dislocation
  1610 | D:2      | XOM: smoke on damage
  1688 | D:2      | XOM is BORED!
  1688 | D:2      | XOM: summons 2 hostile demons
  1689 | D:2      | Noticed a soul eater
  1692 | D:2      | XOM: butterfly on damage
  1695 | D:2      | Slain by an iron imp

Illustrated notes

Levels and vault maps discovered:
D:1:      shiori_arrival_maze, layout_loops_ring
D:2:      layout_loops_corners

Skill      XL: |  1  2  3 |
---------------+----------+-----
Long Blades    | 4 |  4.1
Fighting       | |  3.6
Dodging        | |  2.6
Stealth        | |  0.4

Action                   || total
-------------------------++-------
Melee: Falchion          ||   108
       Tailslap          ||    14
  Use: Scroll            ||     3
Armor: Skin              ||    50
Dodge: Dodged            ||    83

Table legend: (Time is in decaauts)
 A = Elapsed time spent in this place.
 B = Non-inter-level travel time spent in this place.
 C = Inter-level travel time spent in this place.
 D = Time resting spent in this place.
 E = Time spent auto-exploring this place.
 F = Levels seen in this place.
 G = Mean time per level.
                   A        B        C        D        E       F      G
               +--------+--------+--------+--------+--------+-----+--------+
         Total |   1712 |   1674 |     38 |      0 |    840 |   2 |  856.0 |
       Dungeon |   1712 |   1674 |     38 |      0 |    840 |   2 |  856.0 |
               +--------+--------+--------+--------+--------+-----+--------+

Top non-repeatable levels by time:
     D:1: 1038 daAuts
     D:2: 674 daAuts
